Connexion

Senators vs Comets

Created - 8 mars 2024 at 10:40

Goals
1 2 3 T
Senators 1 0 1 2
Comets 3 2 0 5
Shots
1 2 3 T
Senators 14 7 10 31
Comets 10 11 6 27

GoalsPenalties
1st period
1. Comets , Derek Ryan 38 (Chris Terry 38) at 7:47
2. Comets , Chase De Leo 31 (Tyler Angle 15) at 8:29
3. Comets , Markus Niemelainen 13 (Derek Ryan 40, Chris Terry 39) at 8:45
4. Senators , Cole Schwindt 19 (Aliaksei Protas 43, Zac Jones 36) at 13:17
No Penalty
2nd period
5. Comets , Tyler Angle 4 (Michael Raffl 15, Chase De Leo 35) at 3:45
6. Comets , Tyler Angle 5 (Michael Raffl 16) at 4:22
Wade Allison (BEL) for Slashing (Minor) at 5:26
Filip Larsson (BEL) for Slashing (Double Minor) at 6:31 - Cole Schwindt served the penalty.
Michael Raffl (UTI) for Delaying the game (Minor) at 11:31
3rd period
7. Senators , Cole Schwindt 20 (Ryan Merkley 22, Zac Jones 37) at 7:38 (PP)
Brandon Davidson (UTI) for Holding (Minor) at 2:44
Brandon Davidson (UTI) for Delaying the game (Minor) at 5:59
Joey Keane (BEL) for Tripping (Minor) at 15:07
Goalie Stats
Filip Larsson (BEL), 15 saves from 16 shots - (0,938), 36:15 minutes
Leevi Merilainen (BEL), 7 saves from 11 shots - (0,636), L, 33-24-4, 23:45 minutes
Connor Ingram (UTI), 29 saves from 31 shots - (0,935), W, 13-7-4, 60:00 minutes
3 StarsOfficial
1 - Tyler Angle (UTI)
2 - Chase De Leo (UTI)
3 - Derek Ryan (UTI)
Referees : Rob Martell and Justin StPierre
Linesman : Jean Morin and Derek Nansen
Game Note
Filip Larsson enters game at 3:45 of 2nd period
Finance
Level 1 -- Attendance: 1784 (89,20%) -- Ticket Income $62,440
Level 2 -- Attendance: 1000 (100,00%) -- Ticket Income $15,000
Total Attendance: 2784 (92,80%)
Total Ticket Income: $77,440
Other Income: $15,488
Total Income: $92,928



Team Name Goals Shots Shots Attemp Shots Blocked PIM HIT PP PK FO%
Senators 2315988221 / 3 (33%)055%
Comets 5275496200 / 3 (0%)145%

Senators
Player Name POS G A P +/- PIM HIT SHT SB MP PP MP PP SHT PK MP PK SHT FO% FOT
Adam BeckmanC/LW000-2005017:372:3300:00050% 2
Akil ThomasC/RW000-2002217:372:3300:00056% 25
Alex BeaucageLW/RW000-2010114:230:0000:3600% 1
Aliaksei ProtasC0110045022:083:0403:33057% 23
Antoine RousselLW/RW0000011025:033:0403:30083% 6
Ben JonesC000-2013013:470:0000:00053% 17
Cole SchwindtC/RW2020012019:103:0410:35050% 2
Ian MitchellD000-2021120:562:3302:5200% 0
Jack RathboneD000-2013020:562:3312:5200% 0
Jamieson ReesC000000005:270:0002:29050% 4
Joey KeaneD000-2211014:020:0000:4400% 0
Layton AhacD000-2020114:030:0000:4400% 0
Linus WeissbachLW000000002:580:0000:0000% 0
Martin ChromiakLW/RW000-2012113:470:0000:0000% 1
Ryan MerkleyD0110032225:013:0423:2700% 0
Tyler MaddenC000000001:030:0000:4300% 0
Wade AllisonRW000-2234019:022:3321:4600% 1
Zac JonesD0220010025:013:0403:2700% 0
Comets
Player Name POS G A P +/- PIM HIT SHT SB MP PP MP PP SHT PK MP PK SHT FO% FOT
Brandon DavidsonD0001421020:503:4411:0000% 0
Brendan SmithD0003040023:133:1903:0500% 0
Chase De LeoC/LW1123012119:183:1900:310100% 1
Chris TerryLW/RW0222001019:263:4401:07067% 3
Cliff PuRW000000002:460:0000:0000% 0
Dennis YanLW000-1011115:400:0001:090100% 1
Derek RyanC1122027024:313:4413:41052% 31
Frederik GauthierC000-1010014:310:0000:00031% 13
Jordan SchmaltzD0000001115:230:0001:1500% 0
Kevin CzucmanD0000010214:590:3400:1700% 0
Logan NelsonC000000002:460:0000:0000% 4
Markus NiemelainenD1011021323:303:4403:3800% 0
Matt BartkowskiD0003003121:482:4511:5900% 0
Michael JolyRW000-1001014:310:0000:0000% 1
Michael RafflLW/RW0223242018:292:4700:000100% 2
Santeri VirtanenC000000000:470:3200:0000% 0
Trevor LewisC/RW0002012019:263:4401:07050% 2
Tyler AngleC2133015022:263:1903:39042% 24



Play-by-Play

1st period


0:01 of 1st period - Aliaksei Protas wins face-off versus Derek Ryan in neutral zone.
0:27 of 1st period - Shot by Derek Ryan.
0:27 of 1st period - Deflect By Chris Terry.
0:27 of 1st period - Shot Misses the Net.
0:29 of 1st period - Shot by Chris Terry.
0:29 of 1st period - Stopped by Leevi Merilainen without a rebound.
0:30 of 1st period - Michael Raffl wins face-off versus Akil Thomas in Senators zone.
0:37 of 1st period - Shot by Adam Beckman.
0:37 of 1st period - Stopped by Connor Ingram without a rebound.
0:38 of 1st period - Ben Jones wins face-off versus Michael Joly in Comets zone.
1:43 of 1st period - Icing by Kevin Czucman.
1:44 of 1st period - Aliaksei Protas wins face-off versus Frederik Gauthier in Comets zone.
2:27 of 1st period - Chase De Leo is hit by Ryan Merkley and loses puck.
2:45 of 1st period - Michael Raffl is hit by Ryan Merkley and loses puck.
3:23 of 1st period - Icing by Ian Mitchell.
3:24 of 1st period - Akil Thomas wins face-off versus Logan Nelson in Senators zone.
3:43 of 1st period - Shot by Derek Ryan.
3:43 of 1st period - Shot Misses the Net.
4:38 of 1st period - Icing by Joey Keane.
4:39 of 1st period - Dennis Yan wins face-off versus Martin Chromiak in Senators zone.
4:49 of 1st period - Dennis Yan is hit by Layton Ahac and loses puck.
4:52 of 1st period - Shot by Dennis Yan.
4:52 of 1st period - Stopped by Leevi Merilainen without a rebound.
4:53 of 1st period - Jamieson Rees wins face-off versus Derek Ryan in Senators zone.
6:05 of 1st period - Shot by Michael Raffl.
6:05 of 1st period - Shot Blocked by Layton Ahac.
6:21 of 1st period - Shot by Martin Chromiak.
6:21 of 1st period - Stopped by Connor Ingram without a rebound.
6:22 of 1st period - Akil Thomas wins face-off versus Frederik Gauthier in Comets zone.
6:48 of 1st period - Adam Beckman is hit by Brandon Davidson and loses puck.
7:25 of 1st period - Shot by Ben Jones.
7:25 of 1st period - Stopped by Connor Ingram without a rebound.
7:26 of 1st period - Aliaksei Protas wins face-off versus Tyler Angle in Comets zone.
7:31 of 1st period - Shot by Aliaksei Protas.
7:31 of 1st period - Shot Blocked by Matt Bartkowski.
7:33 of 1st period - Shot by Ryan Merkley.
7:33 of 1st period - Shot Misses the Net.
7:35 of 1st period - Shot by Aliaksei Protas.
7:35 of 1st period - Stopped by Connor Ingram without a rebound.
7:36 of 1st period - Derek Ryan wins face-off versus Ben Jones in Comets zone.
7:45 of 1st period - Shot by Chris Terry.
7:45 of 1st period - Shot Blocked by Martin Chromiak.
7:47 of 1st period - Shot by Derek Ryan.
7:47 of 1st period - Goal by Derek Ryan - Senators : 0 - Comets : 1.
7:48 of 1st period - Chase De Leo wins face-off versus Cole Schwindt in neutral zone.
7:59 of 1st period - Shot by Tyler Angle.
7:59 of 1st period - Stopped by Leevi Merilainen with a rebound.
8:01 of 1st period - Shot by Michael Raffl.
8:01 of 1st period - Shot Misses the Net.
8:16 of 1st period - Tyler Angle is hit by Zac Jones and loses puck.
8:29 of 1st period - Shot by Chase De Leo.
8:29 of 1st period - Goal by Chase De Leo - Senators : 0 - Comets : 2.
8:30 of 1st period - Derek Ryan wins face-off versus Akil Thomas in neutral zone.
8:35 of 1st period - Shot by Derek Ryan.
8:35 of 1st period - Stopped by Leevi Merilainen without a rebound.
8:36 of 1st period - Derek Ryan wins face-off versus Wade Allison in Senators zone.
8:41 of 1st period - Shot by Chris Terry.
8:41 of 1st period - Shot Misses the Net.
8:43 of 1st period - Shot by Derek Ryan.
8:43 of 1st period - Shot Misses the Net.
8:45 of 1st period - Shot by Markus Niemelainen.
8:45 of 1st period - Goal by Markus Niemelainen - Senators : 0 - Comets : 3.
8:46 of 1st period - Chris Terry wins face-off versus Alex Beaucage in neutral zone.
8:51 of 1st period - Icing by Layton Ahac.
8:52 of 1st period - Derek Ryan wins face-off versus Ben Jones in Senators zone.
9:54 of 1st period - Icing by Zac Jones.
9:55 of 1st period - Tyler Angle wins face-off versus Aliaksei Protas in Senators zone.
10:03 of 1st period - Shot by Cole Schwindt.
10:03 of 1st period - Shot Misses the Net.
10:42 of 1st period - Off-side.
10:43 of 1st period - Frederik Gauthier wins face-off versus Akil Thomas in neutral zone.
10:48 of 1st period - Shot by Frederik Gauthier.
10:48 of 1st period - Deflect By Dennis Yan.
10:48 of 1st period - Shot Misses the Net.
10:50 of 1st period - Shot by Jordan Schmaltz.
10:50 of 1st period - Shot Blocked by Akil Thomas.
11:14 of 1st period - Shot by Wade Allison.
11:14 of 1st period - Stopped by Connor Ingram without a rebound.
11:15 of 1st period - Derek Ryan wins face-off versus Ben Jones in Comets zone.
11:15 of 1st period - Brandon Davidson is hit by Alex Beaucage and loses puck.
11:30 of 1st period - Shot by Derek Ryan.
11:30 of 1st period - Stopped by Leevi Merilainen without a rebound.
11:31 of 1st period - Jamieson Rees wins face-off versus Tyler Angle in Senators zone.
12:00 of 1st period - Antoine Roussel is hit by Michael Raffl and loses puck.
12:09 of 1st period - Shot by Chase De Leo.
12:09 of 1st period - Stopped by Leevi Merilainen without a rebound.
12:10 of 1st period - Derek Ryan wins face-off versus Akil Thomas in Senators zone.
12:35 of 1st period - Shot by Adam Beckman.
12:35 of 1st period - Stopped by Connor Ingram with a rebound.
12:53 of 1st period - Shot by Adam Beckman.
12:53 of 1st period - Stopped by Connor Ingram without a rebound.
12:54 of 1st period - Ben Jones wins face-off versus Tyler Angle in Comets zone.
13:03 of 1st period - Shot by Martin Chromiak.
13:03 of 1st period - Stopped by Connor Ingram without a rebound.
13:04 of 1st period - Cole Schwindt wins face-off versus Frederik Gauthier in Comets zone.
13:17 of 1st period - Shot by Aliaksei Protas.
13:17 of 1st period - Deflect By Cole Schwindt.
13:17 of 1st period - Goal by Cole Schwindt - Senators : 1 - Comets : 3.
13:18 of 1st period - Tyler Angle wins face-off versus Ben Jones in neutral zone.
14:30 of 1st period - Aliaksei Protas is hit by Trevor Lewis and loses puck.
15:10 of 1st period - Ryan Merkley is hit by Kevin Czucman.
15:40 of 1st period - Shot by Akil Thomas.
15:40 of 1st period - Shot Misses the Net.
15:42 of 1st period - Shot by Akil Thomas.
15:42 of 1st period - Stopped by Connor Ingram without a rebound.
15:43 of 1st period - Ben Jones wins face-off versus Logan Nelson in Comets zone.
15:48 of 1st period - Shot by Martin Chromiak.
15:48 of 1st period - Deflect By Ben Jones.
15:48 of 1st period - Stopped by Connor Ingram without a rebound.
15:49 of 1st period - Tyler Angle wins face-off versus Ben Jones in Comets zone.
16:19 of 1st period - Shot by Tyler Angle.
16:19 of 1st period - Stopped by Leevi Merilainen without a rebound.
16:20 of 1st period - Akil Thomas wins face-off versus Derek Ryan in Senators zone.
16:29 of 1st period - Off-side.
16:30 of 1st period - Akil Thomas wins face-off versus Derek Ryan in neutral zone.
16:45 of 1st period - Shot by Adam Beckman.
16:45 of 1st period - Stopped by Connor Ingram with a rebound.
16:47 of 1st period - Shot by Adam Beckman.
16:47 of 1st period - Shot Hit the Post.
16:49 of 1st period - Shot by Akil Thomas.
16:49 of 1st period - Stopped by Connor Ingram with a rebound.
16:51 of 1st period - Shot by Ryan Merkley.
16:51 of 1st period - Shot Misses the Net.
16:55 of 1st period - Shot by Adam Beckman.
16:55 of 1st period - Stopped by Connor Ingram without a rebound.
16:56 of 1st period - Aliaksei Protas wins face-off versus Frederik Gauthier in Comets zone.
18:19 of 1st period - Shot by Derek Ryan.
18:19 of 1st period - Shot Misses the Net.
18:29 of 1st period - Shot by Akil Thomas.
18:29 of 1st period - Shot Misses the Net.
18:31 of 1st period - Shot by Akil Thomas.
18:31 of 1st period - Shot Misses the Net.
19:34 of 1st period - Shot by Michael Raffl.
19:34 of 1st period - Shot Misses the Net.
Goals for this period are 1 for Senators vs 3 for Comets.
Shots for this period are 14 for Senators vs 10 for Comets.

2nd period


0:01 of 2nd period - Chris Terry wins face-off versus Aliaksei Protas in neutral zone.
0:11 of 2nd period - Ryan Merkley is hit by Markus Niemelainen and loses puck.
0:14 of 2nd period - Shot by Ryan Merkley.
0:14 of 2nd period - Shot Misses the Net.
0:16 of 2nd period - Shot by Antoine Roussel.
0:16 of 2nd period - Shot Misses the Net.
0:18 of 2nd period - Shot by Aliaksei Protas.
0:18 of 2nd period - Stopped by Connor Ingram without a rebound.
0:19 of 2nd period - Akil Thomas wins face-off versus Tyler Angle in Comets zone.
0:20 of 2nd period - Shot by Jack Rathbone.
0:20 of 2nd period - Stopped by Connor Ingram with a rebound.
0:43 of 2nd period - Icing by Matt Bartkowski.
0:44 of 2nd period - Michael Raffl wins face-off versus Aliaksei Protas in Comets zone.
1:07 of 2nd period - Shot by Antoine Roussel.
1:07 of 2nd period - Stopped by Connor Ingram without a rebound.
1:08 of 2nd period - Akil Thomas wins face-off versus Derek Ryan in Comets zone.
1:09 of 2nd period - Shot by Adam Beckman.
1:09 of 2nd period - Shot Blocked by Markus Niemelainen.
1:11 of 2nd period - Shot by Adam Beckman.
1:11 of 2nd period - Deflect By Akil Thomas.
1:11 of 2nd period - Shot Misses the Net.
1:48 of 2nd period - Shot by Ian Mitchell.
1:48 of 2nd period - Stopped by Connor Ingram without a rebound.
1:49 of 2nd period - Frederik Gauthier wins face-off versus Aliaksei Protas in Comets zone.
2:40 of 2nd period - Icing by Jordan Schmaltz.
2:41 of 2nd period - Ben Jones wins face-off versus Frederik Gauthier in Comets zone.
3:17 of 2nd period - Off-side.
3:18 of 2nd period - Adam Beckman wins face-off versus Tyler Angle in neutral zone.
3:45 of 2nd period - Shot by Tyler Angle.
3:45 of 2nd period - Goal by Tyler Angle - Senators : 1 - Comets : 4.
3:45 of 2nd period - Filip Larsson enters game.
3:46 of 2nd period - Aliaksei Protas wins face-off versus Derek Ryan in neutral zone.
4:03 of 2nd period - Shot by Aliaksei Protas.
4:03 of 2nd period - Stopped by Connor Ingram without a rebound.
4:04 of 2nd period - Tyler Angle wins face-off versus Ben Jones in Comets zone.
4:22 of 2nd period - Shot by Tyler Angle.
4:22 of 2nd period - Goal by Tyler Angle - Senators : 1 - Comets : 5.
4:23 of 2nd period - Aliaksei Protas wins face-off versus Derek Ryan in neutral zone.
4:51 of 2nd period - Antoine Roussel is hit by Derek Ryan and loses puck.
4:56 of 2nd period - Shot by Derek Ryan.
4:56 of 2nd period - Deflect By Trevor Lewis.
4:56 of 2nd period - Stopped by Filip Larsson without a rebound.
4:57 of 2nd period - Tyler Angle wins face-off versus Akil Thomas in Senators zone.
4:57 of 2nd period - Chase De Leo is hit by Jack Rathbone and loses puck.
5:00 of 2nd period - Shot by Matt Bartkowski.
5:00 of 2nd period - Stopped by Filip Larsson with a rebound.
5:26 of 2nd period - Minor Penalty to Wade Allison for Slashing.
5:27 of 2nd period - Antoine Roussel wins face-off versus Derek Ryan in Senators zone.
5:49 of 2nd period - Icing by Trevor Lewis.
5:50 of 2nd period - Antoine Roussel wins face-off versus Derek Ryan in Comets zone.
6:31 of 2nd period - Shot by Matt Bartkowski.
6:31 of 2nd period - Stopped by Filip Larsson without a rebound.
6:31 of 2nd period - Double Minor Penalty to Filip Larsson for Slashing.
6:32 of 2nd period - Antoine Roussel wins face-off versus Tyler Angle in Senators zone.
7:18 of 2nd period - Icing by Chase De Leo.
7:19 of 2nd period - Tyler Angle wins face-off versus Jamieson Rees in Comets zone.
7:43 of 2nd period - Chris Terry is hit by Aliaksei Protas and loses puck.
8:06 of 2nd period - Shot by Chris Terry.
8:06 of 2nd period - Shot Misses the Net.
8:10 of 2nd period - Shot by Derek Ryan.
8:10 of 2nd period - Shot Hit the Post.
8:12 of 2nd period - Shot by Derek Ryan.
8:12 of 2nd period - Stopped by Filip Larsson with a rebound.
8:34 of 2nd period - Shot by Michael Raffl.
8:34 of 2nd period - Shot Misses the Net.
8:36 of 2nd period - Shot by Brendan Smith.
8:36 of 2nd period - Shot Misses the Net.
8:48 of 2nd period - Shot by Tyler Angle.
8:48 of 2nd period - Shot Blocked by Ian Mitchell.
11:28 of 2nd period - Icing by Cliff Pu.
11:29 of 2nd period - Aliaksei Protas wins face-off versus Logan Nelson in Comets zone.
11:31 of 2nd period - Minor Penalty to Michael Raffl for Delaying the game.
11:32 of 2nd period - Derek Ryan wins face-off versus Aliaksei Protas in Comets zone.
11:48 of 2nd period - Icing by Zac Jones.
11:49 of 2nd period - Derek Ryan wins face-off versus Aliaksei Protas in Senators zone.
12:40 of 2nd period - Shot by Jack Rathbone.
12:40 of 2nd period - Stopped by Connor Ingram without a rebound.
12:41 of 2nd period - Trevor Lewis wins face-off versus Akil Thomas in Comets zone.
12:41 of 2nd period - Trevor Lewis is hit by Wade Allison.
12:55 of 2nd period - Shot by Adam Beckman.
12:55 of 2nd period - Shot Misses the Net.
13:58 of 2nd period - Shot by Michael Joly.
13:58 of 2nd period - Shot Misses the Net.
14:00 of 2nd period - Shot by Jordan Schmaltz.
14:00 of 2nd period - Shot Blocked by Alex Beaucage.
14:02 of 2nd period - Shot by Jordan Schmaltz.
14:02 of 2nd period - Stopped by Filip Larsson without a rebound.
14:03 of 2nd period - Aliaksei Protas wins face-off versus Derek Ryan in Senators zone.
14:34 of 2nd period - Shot by Cole Schwindt.
14:34 of 2nd period - Shot Misses the Net.
15:02 of 2nd period - Shot by Wade Allison.
15:02 of 2nd period - Shot Blocked by Kevin Czucman.
15:05 of 2nd period - Icing by Michael Raffl.
15:06 of 2nd period - Ben Jones wins face-off versus Tyler Angle in Comets zone.
15:15 of 2nd period - Shot by Ben Jones.
15:15 of 2nd period - Stopped by Connor Ingram without a rebound.
15:16 of 2nd period - Akil Thomas wins face-off versus Frederik Gauthier in Comets zone.
15:33 of 2nd period - Icing by Akil Thomas.
15:34 of 2nd period - Tyler Angle wins face-off versus Akil Thomas in Senators zone.
15:44 of 2nd period - Shot by Michael Raffl.
15:44 of 2nd period - Stopped by Filip Larsson with a rebound.
15:46 of 2nd period - Shot by Jordan Schmaltz.
15:46 of 2nd period - Deflect By Tyler Angle.
15:46 of 2nd period - Stopped by Filip Larsson with a rebound.
16:32 of 2nd period - Shot by Chris Terry.
16:32 of 2nd period - Shot Misses the Net.
16:54 of 2nd period - Shot by Brandon Davidson.
16:54 of 2nd period - Shot Blocked by Ryan Merkley.
16:56 of 2nd period - Shot by Chris Terry.
16:56 of 2nd period - Shot Misses the Net.
16:58 of 2nd period - Shot by Derek Ryan.
16:58 of 2nd period - Stopped by Filip Larsson without a rebound.
16:59 of 2nd period - Ben Jones wins face-off versus Frederik Gauthier in Senators zone.
18:23 of 2nd period - Wade Allison is hit by Dennis Yan and loses puck.
18:41 of 2nd period - Akil Thomas is hit by Brendan Smith and loses puck.
19:00 of 2nd period - Shot by Derek Ryan.
19:00 of 2nd period - Stopped by Filip Larsson without a rebound.
19:01 of 2nd period - Derek Ryan wins face-off versus Jamieson Rees in Senators zone.
Goals for this period are 0 for Senators vs 2 for Comets.
Shots for this period are 7 for Senators vs 11 for Comets.

3rd period


0:01 of 3rd period - Derek Ryan wins face-off versus Aliaksei Protas in neutral zone.
0:01 of 3rd period - Derek Ryan is hit by Antoine Roussel.
0:07 of 3rd period - Shot by Trevor Lewis.
0:07 of 3rd period - Stopped by Filip Larsson without a rebound.
0:08 of 3rd period - Derek Ryan wins face-off versus Aliaksei Protas in Senators zone.
0:47 of 3rd period - Shot by Cole Schwindt.
0:47 of 3rd period - Shot Misses the Net.
0:49 of 3rd period - Shot by Antoine Roussel.
0:49 of 3rd period - Shot Misses the Net.
0:56 of 3rd period - Icing by Brandon Davidson.
0:57 of 3rd period - Derek Ryan wins face-off versus Akil Thomas in Comets zone.
1:04 of 3rd period - Icing by Ian Mitchell.
1:05 of 3rd period - Akil Thomas wins face-off versus Tyler Angle in Senators zone.
1:05 of 3rd period - Wade Allison is hit by Michael Raffl and loses puck.
1:18 of 3rd period - Shot by Wade Allison.
1:18 of 3rd period - Stopped by Connor Ingram without a rebound.
1:19 of 3rd period - Ben Jones wins face-off versus Frederik Gauthier in Comets zone.
1:20 of 3rd period - Shot by Joey Keane.
1:20 of 3rd period - Stopped by Connor Ingram without a rebound.
1:21 of 3rd period - Tyler Angle wins face-off versus Antoine Roussel in Comets zone.
1:21 of 3rd period - Tyler Angle is hit by Aliaksei Protas.
2:02 of 3rd period - Shot by Antoine Roussel.
2:02 of 3rd period - Deflect By Cole Schwindt.
2:02 of 3rd period - Shot Misses the Net.
2:09 of 3rd period - Icing by Brendan Smith.
2:10 of 3rd period - Tyler Angle wins face-off versus Akil Thomas in Comets zone.
2:12 of 3rd period - Icing by Michael Raffl.
2:13 of 3rd period - Akil Thomas wins face-off versus Tyler Angle in Comets zone.
2:14 of 3rd period - Shot by Wade Allison.
2:14 of 3rd period - Shot Blocked by Chase De Leo.
2:17 of 3rd period - Icing by Brendan Smith.
2:18 of 3rd period - Akil Thomas wins face-off versus Tyler Angle in Comets zone.
2:44 of 3rd period - Minor Penalty to Brandon Davidson for Holding.
2:45 of 3rd period - Aliaksei Protas wins face-off versus Derek Ryan in Comets zone.
3:26 of 3rd period - Shot by Ryan Merkley.
3:26 of 3rd period - Stopped by Connor Ingram without a rebound.
3:27 of 3rd period - Derek Ryan wins face-off versus Akil Thomas in Comets zone.
3:42 of 3rd period - Shot by Wade Allison.
3:42 of 3rd period - Stopped by Connor Ingram without a rebound.
3:43 of 3rd period - Derek Ryan wins face-off versus Adam Beckman in Comets zone.
4:15 of 3rd period - Shot by Wade Allison.
4:15 of 3rd period - Stopped by Connor Ingram without a rebound.
4:16 of 3rd period - Aliaksei Protas wins face-off versus Trevor Lewis in Comets zone.
4:27 of 3rd period - Shot by Ryan Merkley.
4:27 of 3rd period - Stopped by Connor Ingram without a rebound.
4:28 of 3rd period - Aliaksei Protas wins face-off versus Derek Ryan in Comets zone.
4:50 of 3rd period - Shot by Joey Keane.
4:50 of 3rd period - Shot Blocked by Jordan Schmaltz.
5:40 of 3rd period - Shot by Cole Schwindt.
5:40 of 3rd period - Shot Blocked by Kevin Czucman.
5:44 of 3rd period - Shot by Antoine Roussel.
5:44 of 3rd period - Shot Blocked by Dennis Yan.
5:46 of 3rd period - Shot by Antoine Roussel.
5:46 of 3rd period - Shot Misses the Net.
5:48 of 3rd period - Shot by Aliaksei Protas.
5:48 of 3rd period - Stopped by Connor Ingram without a rebound.
5:49 of 3rd period - Akil Thomas wins face-off versus Chris Terry in Comets zone.
5:49 of 3rd period - Wade Allison is hit by Brandon Davidson and loses puck.
5:59 of 3rd period - Minor Penalty to Brandon Davidson for Delaying the game.
6:00 of 3rd period - Aliaksei Protas wins face-off versus Derek Ryan in Comets zone.
6:12 of 3rd period - Tyler Angle is hit by Ryan Merkley and loses puck.
6:29 of 3rd period - Off-side.
6:30 of 3rd period - Derek Ryan wins face-off versus Akil Thomas in neutral zone.
7:00 of 3rd period - Shot by Adam Beckman.
7:00 of 3rd period - Shot Blocked by Markus Niemelainen.
7:08 of 3rd period - Shot by Jack Rathbone.
7:08 of 3rd period - Shot Misses the Net.
7:36 of 3rd period - Shot by Ryan Merkley.
7:36 of 3rd period - Shot Misses the Net.
7:38 of 3rd period - Shot by Cole Schwindt.
7:38 of 3rd period - Goal by Cole Schwindt - Senators : 2 - Comets : 5.
7:39 of 3rd period - Frederik Gauthier wins face-off versus Ben Jones in neutral zone.
9:02 of 3rd period - Icing by Brendan Smith.
9:03 of 3rd period - Tyler Angle wins face-off versus Aliaksei Protas in Comets zone.
9:03 of 3rd period - Tyler Angle is hit by Cole Schwindt.
9:23 of 3rd period - Shot by Antoine Roussel.
9:23 of 3rd period - Deflect By Cole Schwindt.
9:23 of 3rd period - Shot Blocked by Markus Niemelainen.
9:33 of 3rd period - Shot by Cole Schwindt.
9:33 of 3rd period - Deflect By Aliaksei Protas.
9:33 of 3rd period - Stopped by Connor Ingram without a rebound.
9:34 of 3rd period - Akil Thomas wins face-off versus Frederik Gauthier in Comets zone.
10:12 of 3rd period - Icing by Frederik Gauthier.
10:13 of 3rd period - Frederik Gauthier wins face-off versus Aliaksei Protas in Comets zone.
10:51 of 3rd period - Markus Niemelainen is hit by Aliaksei Protas and loses puck.
10:55 of 3rd period - Brandon Davidson is hit by Aliaksei Protas and loses puck.
11:01 of 3rd period - Shot by Derek Ryan.
11:01 of 3rd period - Stopped by Filip Larsson without a rebound.
11:02 of 3rd period - Akil Thomas wins face-off versus Tyler Angle in Senators zone.
11:02 of 3rd period - Ian Mitchell is hit by Tyler Angle and loses puck.
11:15 of 3rd period - Shot by Chase De Leo.
11:15 of 3rd period - Deflect By Michael Raffl.
11:15 of 3rd period - Shot Misses the Net.
11:17 of 3rd period - Shot by Michael Raffl.
11:17 of 3rd period - Stopped by Filip Larsson without a rebound.
11:18 of 3rd period - Derek Ryan wins face-off versus Ben Jones in Senators zone.
11:46 of 3rd period - Markus Niemelainen is hit by Joey Keane and loses puck.
12:09 of 3rd period - Ian Mitchell is hit by Derek Ryan and loses puck.
12:17 of 3rd period - Icing by Ian Mitchell.
12:18 of 3rd period - Akil Thomas wins face-off versus Tyler Angle in Senators zone.
12:25 of 3rd period - Shot by Chase De Leo.
12:25 of 3rd period - Shot Blocked by Akil Thomas.
12:27 of 3rd period - Shot by Matt Bartkowski.
12:27 of 3rd period - Stopped by Filip Larsson without a rebound.
12:28 of 3rd period - Aliaksei Protas wins face-off versus Tyler Angle in Senators zone.
12:28 of 3rd period - Aliaksei Protas is hit by Michael Raffl.
12:53 of 3rd period - Aliaksei Protas is hit by Brendan Smith and loses puck.
13:06 of 3rd period - Shot by Aliaksei Protas.
13:06 of 3rd period - Shot Misses the Net.
13:31 of 3rd period - Kevin Czucman is hit by Ian Mitchell and loses puck.
13:55 of 3rd period - Kevin Czucman is hit by Wade Allison and loses puck.
14:03 of 3rd period - Jordan Schmaltz is hit by Ian Mitchell and loses puck.
14:25 of 3rd period - Derek Ryan is hit by Martin Chromiak and loses puck.
14:31 of 3rd period - Markus Niemelainen is hit by Ben Jones and loses puck.
14:40 of 3rd period - Icing by Martin Chromiak.
14:41 of 3rd period - Ben Jones wins face-off versus Tyler Angle in Senators zone.
14:45 of 3rd period - Layton Ahac is hit by Brendan Smith and loses puck.
14:54 of 3rd period - Shot by Chase De Leo.
14:54 of 3rd period - Shot Misses the Net.
14:56 of 3rd period - Shot by Brendan Smith.
14:56 of 3rd period - Shot Misses the Net.
15:03 of 3rd period - Chase De Leo is hit by Layton Ahac and loses puck.
15:07 of 3rd period - Minor Penalty to Joey Keane for Tripping.
15:08 of 3rd period - Antoine Roussel wins face-off versus Derek Ryan in Senators zone.
15:22 of 3rd period - Icing by Trevor Lewis.
15:23 of 3rd period - Antoine Roussel wins face-off versus Derek Ryan in Comets zone.
15:46 of 3rd period - Shot by Brandon Davidson.
15:46 of 3rd period - Stopped by Filip Larsson with a rebound.
15:48 of 3rd period - Shot by Brandon Davidson.
15:48 of 3rd period - Shot Blocked by Ryan Merkley.
15:50 of 3rd period - Shot by Brandon Davidson.
15:50 of 3rd period - Shot Misses the Net.
16:14 of 3rd period - Cole Schwindt is hit by Chase De Leo and loses puck.
16:29 of 3rd period - Jack Rathbone is hit by Michael Raffl.
17:26 of 3rd period - Shot by Michael Joly.
17:26 of 3rd period - Stopped by Filip Larsson with a rebound.
17:33 of 3rd period - Icing by Joey Keane.
17:34 of 3rd period - Ben Jones wins face-off versus Logan Nelson in Senators zone.
18:26 of 3rd period - Wade Allison is hit by Markus Niemelainen and loses puck.
18:37 of 3rd period - Shot by Jack Rathbone.
18:37 of 3rd period - Stopped by Connor Ingram with a rebound.
18:46 of 3rd period - Markus Niemelainen is hit by Wade Allison and loses puck.
19:26 of 3rd period - Cole Schwindt is hit by Brendan Smith and loses puck.
19:47 of 3rd period - Ryan Merkley is hit by Frederik Gauthier and loses puck.
19:59 of 3rd period - Icing by Ryan Merkley.
Goals for this period are 1 for Senators vs 0 for Comets.
Shots for this period are 10 for Senators vs 6 for Comets.